 Dungeon Crawl Stone Soup version 0.32-a0-540-g866d13106e (webtiles) character file.

Game seed: 16576778046777429415

323 pascalblue the Conjurer (level 6, -1/32 HPs)
             Began as a Deep Elf Conjurer on Feb 26, 2024.
             Engulfed by a steam dragon's steam (7 damage)
             ... on level 4 of the Dungeon on Feb 28, 2024.
             The game lasted 00:06:36 (3898 turns).

pascalblue the Conjurer (Deep Elf Conjurer)         Turns: 3898, Time: 00:06:37

Health: -1/32      AC:  2    Str:  4    XL:     6   Next: 23%
Magic:  8/15       EV: 13    Int: 25    God:
Gold:   310        SH:  0    Dex: 13    Spells: 3/14 levels left

rFire   . . .        (no weapon)
rCold   . . .        (no shield)
rNeg    . . .        a - +0 robe
rPois   .            (no helmet)
rElec   .            (no cloak)
rCorr   .            (no gloves)
SInv    .            (no boots)
Will    .....        (no amulet)
Stlth   +++          (no ring)
HPRegen 0.25/turn    (no ring)
MPRegen 0.14/turn

%: no passive effects
@: no status effects
A: no striking features
a: no special abilities


You were on level 4 of the Dungeon.
You visited 1 branch of the dungeon, and saw 4 of its levels.

You collected 310 gold pieces.

Inventory:

Hand Weapons
 r - a +2 flail
Armour
 a - a +0 robe (worn)
Jewellery
 j - a +4 ring of slaying
Wands
 p - a wand of polymorph (9)
Scrolls
 c - 2 scrolls of identify {unknown}
 d - 2 scrolls of noise {unknown}
 i - 2 scrolls of blinking {unknown}
 k - a scroll of immolation {unknown}
 l - a scroll of teleportation {unknown}
 m - a scroll of poison {unknown}
 n - a scroll of amnesia {unknown}
 o - a scroll of torment {unknown}
Potions
 b - a potion of magic
 e - a potion of brilliance {unknown}
 f - 2 potions of degeneration {unknown}
 g - a potion of curing {unknown}
 h - 2 potions of might {unknown}
 q - a potion of invisibility {unknown}


   Skills:
 + Level 4.2 Dodging
 + Level 4.4 Stealth
 + Level 4.9 Spellcasting
 + Level 5.5 Conjurations
 + Level 1.2 Translocations
 + Level 1.2 Alchemy


You had 3 spell levels left.
You knew the following spells:

 Your Spells              Type           Power      Damage    Failure   Level
a - Magic Dart            Conj           100%       1d8       1%          1
b - Searing Ray           Conj           66%        2d6       1%          2
c - Fulminant Prism       Conj/Alch      11%        3d9       21%         4
d - Iskenderun's Mystic   Conj/Tloc      23%        2d6       21%         4

Your spell library contained the following spells:

 Spells                   Type           Power      Damage    Failure   Level
 Shock                    Conj/Air       76%        1d7       2%          1
 Call Imp                 Summ           12%        N/A       13%         2
 Sublimation of Blood     Necr           6%         N/A       13%         2
 Swiftness                Air            6%         N/A       26%         3
 Arcjolt                  Conj/Air       9%         1d19      58%         5
 Airstrike                Air            3%         2d(1-17)  63%         4
 Conjure Ball Lightning   Conj/Air       9%         3x3d6     99%         6
 Summon Hydra             Summ           3%         N/A       100%        7


Dungeon Overview and Level Annotations

Branches:
Dungeon (4/15)
 Temple: D:4-7

Altars:
Hepliaklqana
Xom

Shops:
D:2 *


Message History

You pick up the Exposition on Electrocution and begin reading...
It was the Exposition on Electrocution.
You add the spells Shock, Swiftness, Airstrike, Arcjolt and Conjure Ball Lightning to your library.
A steam dragon comes into view.
Casting: Searing Ray (safe; 1% risk of failure)
Confirm with . or Enter, or press ? or * to list all spells.
Aiming: Searing Ray (safe; 1% risk of failure)
Press: ? - help, Shift-Dir - straight line, f - steam dragon
Aim: a steam dragon (asleep, 100% to hit)
The searing ray hits the steam dragon.
The steam dragon is lightly wounded.
The steam dragon hisses angrily. (Press . to maintain the ray.)
You hear a shout!
You hear an angry hiss.
The searing ray hits the steam dragon.
The steam dragon is moderately wounded.
An orc comes into view. It is wielding a +0 mace.
The searing ray hits the steam dragon.
The steam dragon is moderately wounded.
The steam dragon breathes steam at you. The ball of steam hits you!
Ouch! That really hurt!
You hear a shout!
The searing ray hits the steam dragon.
The steam dragon is heavily wounded.
You finish channelling your searing ray.
You are engulfed in a cloud of scalding steam.
* * * LOW HITPOINT WARNING * * *
Casting: Searing Ray (safe; 1% risk of failure)
Confirm with . or Enter, or press ? or * to list all spells.
Aiming: Searing Ray (safe; 1% risk of failure)
Press: ? - help, Shift-Dir - straight line, f - orc, p - steam dragon
Aim: an orc, wielding a +0 mace and wearing a +0 leather armour (81% to hit)
The searing ray hits the steam dragon.
The steam dragon is heavily wounded.
The searing ray hits the orc!
You kill the orc! (Press . to maintain the ray.)
You are engulfed in a cloud of scalding steam.
You die...

#..#.......####
##.....##...#
####...##..#...#
##...#####....#.#
##.....##....#####
#.......#.##[# ##
#.......#.##.## ..
#.........##..#)#
#
##...........@D.#
.
#.......#######.#
#.......# .#
#.......# #
##.....## #.##
##...## #... #####
##### .###....
#........


You could see a steam dragon.

Vanquished Creatures
  A phantom (D:4)
  A wight (D:4)
  A hound (D:4)
  A jelly (D:4)
  An orc wizard (D:3)
  4 adders
  2 ribbon worms
  3 orcs
  8 ball pythons
  5 bats
  9 endoplasms
  6 giant cockroaches
  8 goblins
  3 hobgoblins
  4 jackals (D:3)
  3 kobolds
  5 quokkas
  4 frilled lizards
  4 rats
73 creatures vanquished.

Notes
Turn   | Place    | Note
-------+----------+-------------------------------------------
     0 | D:1      | pascalblue the Deep Elf Conjurer began the quest for the
                  | Orb.
     0 | D:1      | Reached XP level 1. HP: 10/10 MP: 6/6
     0 | D:1      | Upgraded the game from 0.32-a0-485-g70f7560b1c to
                  | 0.32-a0-540-g866d13106e
   203 | D:1      | Reached XP level 2. HP: 15/15 MP: 0/8
  1024 | D:2      | Learned a level 2 spell: Searing Ray
  1070 | D:2      | Found a faded altar of an unknown god.
  1169 | D:2      | Found a hazy altar of Hepliaklqana.
  1222 | D:2      | Reached XP level 3. HP: 19/19 MP: 8/10
  1519 | D:2      | Found Bugrunir's Assorted Antiques.
  1963 | D:3      | Reached XP level 4. HP: 13/24 MP: 4/12
  1967 | D:3      | Reached skill level 5 in Conjurations
  3133 | D:4      | Reached XP level 5. HP: 28/28 MP: 0/13
  3138 | D:4      | Learned a level 4 spell: Fulminant Prism
  3143 | D:4      | Learned a level 4 spell: Iskenderun's Mystic Blast
  3434 | D:4      | Found a shimmering altar of Xom.
  3733 | D:4      | Noticed a phantom
  3738 | D:4      | Killed a phantom
  3739 | D:4      | Reached skill level 1 in Translocations
  3739 | D:4      | Reached skill level 1 in Alchemy
  3739 | D:4      | Reached XP level 6. HP: 26/32 MP: 7/15
  3878 | D:4      | Got the Exposition on Electrocution
  3893 | D:4      | Noticed a steam dragon
  3898 | D:4      | Engulfed by a steam dragon's steam

Illustrated notes

Levels and vault maps discovered:
D:1:      dpeg_arrival_erosion, layout_loops_ring, kennysheep_pointless_box,
          chequers_serial_rivers_micro_d, st_stairs_1
D:2:      layout_loops_cross, nicolae_ecumenical_lake_church, basic_altar,
          serial_shops, nicolae_shop_behind_doors, serial_glass,
          glass_columns_c, glass_columns_a
D:3:      layout_loops_corners
D:4:      layout_rooms, lemuel_coloured_pillars_altar, minmay_manual_monolith

Skill      XL: |  1  2  3  4  5 |
---------------+----------------+-----
Stealth        | 3 4 |  4.4
Dodging        | 3 4 |  4.2
Spellcasting   | 4 |  4.9
Conjurations   | 5 |  5.5
Translocations | 1 |  1.2
Alchemy        | 1 |  1.2

Action                     |  1- 3 |  4- 6 || total
---------------------------+-------+-------++-------
  Melee: Unarmed           |    11 |       ||    11
   Cast: Magic Dart        |    65 |    60 ||   125
         Searing Ray       |     1 |    10 ||    11
 Armour: Robe              |    15 |    10 ||    25
  Dodge: Dodged            |    27 |     6 ||    33

Table legend: (Time is in decaauts)
 A = Elapsed time spent in this place.
 B = Non-inter-level travel time spent in this place.
 C = Inter-level travel time spent in this place.
 D = Time resting spent in this place.
 E = Time spent auto-exploring this place.
 F = Levels seen in this place.
 G = Mean time per level.
                   A        B        C        D        E       F      G
               +--------+--------+--------+--------+--------+-----+--------+
         Total |   3899 |   3824 |     75 |      0 |   3497 |   4 |  974.8 |
       Dungeon |   3899 |   3824 |     75 |      0 |   3497 |   4 |  974.8 |
               +--------+--------+--------+--------+--------+-----+--------+

Top non-repeatable levels by time:
     D:3: 1167 daAuts
     D:1: 995 daAuts
     D:2: 897 daAuts
     D:4: 838 daAuts
